 Dungeon Crawl Stone Soup version 0.29.0-11-gd7f09526c8 (webtiles) character file.

Game seed: 9190962719214697171

3243 smilodon the Skirmisher (level 9, -8/75 HPs)
             Began as a Red Draconian Hunter on Sept 4, 2022.
             Was a Follower of the Shining One.
             Mangled by a hornet (11 damage)
             ... on level 8 of the Dungeon on Sept 5, 2022.
             The game lasted 00:27:03 (6240 turns).

smilodon the Skirmisher (Red Draconian Hunter)      Turns: 6240, Time: 00:27:03

Health: -8/75      AC:  9    Str: 13    XL:     9   Next: 67%
Magic:  13/13      EV: 12    Int: 12    God:    the Shining One [*.....]
Gold:   492        SH:  0    Dex: 17    Spells: 13/13 levels left

rFire   + . .      SeeInvis .   s - +7 staff of the Meek {protect, meekguard}
rCold   . . .      Faith    .   (shield currently unavailable)
rNeg    . . .      Spirit   .   (body armour unavailable)
rPois   +          Reflect  .   (helmet restricted)
rElec   .          Harm     .   m - +0 cloak
rCorr   .          Rampage  .   u - +0 pair of gloves
Will    .....                   (no boots)
Stlth   +.........              i - amulet of regeneration
HPRegen 1.02/turn               d - ring of poison resistance
MPRegen 0.13/turn               (no ring)

@: short of breath, glowing, unable to drink
A: breathe fire, AC +7, unfitting armour, fire resistance 1, cold-blooded, horns
1, robust 1, wild magic 1, inability to drink after injury 1
a: Breathe Fire, Renounce Religion, Divine Shield


You were on level 8 of the Dungeon.
You worshipped the Shining One.
The Shining One was aware of your devotion.
You visited 2 branches of the dungeon, and saw 9 of its levels.

You collected 492 gold pieces.

Inventory:

Hand Weapons
 a - a +1 shortbow
 f - a +2 arbalest of flaming
 s - the +7 staff of the Meek (weapon) {protect, meekguard}
   (You found it on level 3 of the Dungeon)

   It grants its wielder temporary protection when it strikes (+7 to AC).
   It provides extra protection to wielders with little health.
 C - a +1 flail of holy wrath
Missiles
 g - 8 poisoned darts
 n - a throwing net
Armour
 m - a +0 cloak (worn)
 u - a +0 pair of gloves (worn)
Magical Staves
 x - a staff of fire
Jewellery
 d - a ring of poison resistance (left hand)
 e - an amulet of guardian spirit
 i - an amulet of regeneration (around neck)
 y - a ring of flight
Wands
 j - a wand of flame (34)
 t - a wand of mindburst (42)
 B - a wand of acid (5)
Scrolls
 b - a scroll of immolation
 k - a scroll of enchant weapon
 o - 2 scrolls of noise {unknown}
 r - 2 scrolls of identify
 w - a scroll of butterflies
 z - 3 scrolls of silence
 D - a scroll of amnesia {unknown}
Potions
 c - a potion of ambrosia
 h - 2 potions of cancellation
 l - 2 potions of flight
 p - a potion of brilliance
 q - 2 potions of lignification
 A - 2 potions of heal wounds


   Skills:
 - Level 3.0 Fighting
 * Level 5.6 Staves
 * Level 10.7 Ranged Weapons
 - Level 2.0 Dodging
 - Level 1.0 Stealth
 * Level 2.8 Spellcasting
 * Level 4.3 Fire Magic
 - Level 0.5 Evocations


You had 13 spell levels left.
You didn't know any spells.
Your spell library contained the following spells:

 Spells                   Type           Power      Damage    Failure   Level
 Poisonous Vapours        Pois/Air       4%         N/A       45%         2
 Static Discharge         Conj/Air       2%         3-4/arc   45%         2
 Sublimation of Blood     Necr           2%         N/A       45%         2
 Wereblood                Tmut           2%         N/A       45%         2
 Ozocubu's Armour         Ice            2%         N/A       67%         3
 Airstrike                Air            1%         2d(1-17)  96%         4
 Corpse Rot               Necr/Pois/Air  2%         N/A       96%         4
 Leda's Liquefaction      Hex/Erth       1%         N/A       96%         4
 Summon Lightning Spire   Summ/Air       2%         N/A       96%         4
 Fireball                 Conj/Fire      4%         3d4       98%         5
 Iskenderun's Battlesphe  Conj           2%         2d6       100%        5
 Lee's Rapid Deconstruct  Erth           1%         3d5*      100%        5
 Lightning Bolt           Conj/Air       1%         1d12      100%        5
 Metabolic Englaciation   Hex/Ice        1%         N/A       100%        5
 Conjure Ball Lightning   Conj/Air       1%         3x3d6     100%        6
 Simulacrum               Ice/Necr       1%         N/A       100%        6
 Statue Form              Tmut/Erth      1%         N/A       100%        6
 Orb of Destruction       Conj           1%         9d5       100%        7
 Summon Hydra             Summ           1%         N/A       100%        7
 Maxwell's Capacitive Co  Air            1%         ∞         100%        8


Dungeon Overview and Level Annotations

Branches:
Dungeon (8/15)             Temple (1/1) D:6
   Lair: D:8-11

Altars:
Ashenzari
Cheibriados
Dithmenos
Elyvilon
Fedhas
Hepliaklqana
Kikubaaqudgha
Makhleb
Nemelex Xobeh
Okawaru
Qazlal
Ru
Sif Muna
Trog
Uskayaw
Vehumet
Wu Jian
Xom
Yredelemnul
Zin
The Shining One


Innate Abilities, Weirdness & Mutations

You can breathe blasts of fire.
Your fiery red scales are hard. (AC +7)
You cannot fit into any form of body armour.
Your flesh is heat resistant. (rF+)
You are cold-blooded and may be slowed by cold attacks.
You have a pair of small horns on your head.
You are robust. (+10% HP)
Your spells are a little harder to cast, but a little more powerful.
You occasionally lose the ability to drink potions when taking damage.


Message History

The hornet stings you! The hornet completely misses you.
You shoot a bolt.
The bolt hits the hornet but does no damage.
The hornet is severely wounded.
You feel sick. The hornet closely misses you. x2
You shoot a bolt. The bolt hits the hornet.
The bolt burns the hornet.
The hornet is severely wounded.
You feel sick. The hornet closely misses you. The hornet stings you!
You feel threatened and lose the ability to drink potions!
You feel sick. The hornet attacks as you move away!
The hornet barely misses you.
You can drink potions again.
You feel sick. The hornet barely misses you.
You feel better. The hornet misses you.
Your +2 arbalest of flaming stops flaming.
The +7 staff of the Meek {protect, meekguard} hums with potential!
s - the +7 staff of the Meek (weapon)
{protect, meekguard} The hornet stings you!
You hit the hornet but do no damage.
Your weapon exudes an aura of protection.
You headbutt the hornet.
The hornet is severely wounded.
The hornet stings you. The hornet stings you!
You feel threatened and lose the ability to drink potions!
The hornet stings you but does no damage.
The hornet attacks as you move away! The hornet stings you!
* * * LOW HITPOINT WARNING * * *
The hornet stings you.
* * * LOW HITPOINT WARNING * * *
Aiming: Breathe Fire (4% risk of failure)
Press: ? - help, Shift-Dir - straight line, f/p - hornet
Aim: a hornet (severely wounded, haloed, 69% to hit)
You breathe a blast of fire.
The fiery breath hits the hornet!
The hornet is almost dead.
The hornet stings you!
* * * LOW HITPOINT WARNING * * *
Okay, then.
You cannot drink potions in your current state!
The hornet stings you!
You die...

#.......## #..#.........
###.#....# ##..)........
#. ##.#.## ##.......... .
#....## #.......... .
#....<# #.......... .#
#.##..###.......... ..
#.###.............. #. #.#
##..#..........
####.###.###@.............
...........y.#.#)....#####
###.##.##.........#.#
#...............#.#
######...†.............
#........#...........###
######.§.#...........#
#....#.#..........##
.....####............#


You could see a hornet.

Vanquished Creatures
  Pikel (D:6)
  Eustachio (D:6)
  A wyvern (D:8)
  Duvessa (D:6)
  2 water moccasins
  A sky beast (D:7)
  2 ice beasts
  A black bear (D:5)
  3 ogres
  A centaur (D:7)
  3 lemures (D:6)
  A bullfrog (D:8)
  A necrophage (D:5)
  A scorpion (D:5)
  7 wights (D:7)
  Dowan (D:6)
  A howler monkey (D:6)
  5 hounds
  An orc priest (D:3)
  2 gnoll boudas (D:6)
  4 jellies
  Crazy Yiuf (D:6)
  3 iguanas
  2 orc wizards
  Robin (D:2)
  12 gnolls
  11 adders
  A river rat (D:6)
  3 white imps
  An ufetubus (D:6)
  3 worms
  4 dart slugs
  16 orcs
  4 ball pythons
  4 endoplasms
  6 giant cockroaches
  11 goblins
  6 hobgoblins
  4 jackals (D:3)
  10 kobolds
  3 quokkas
  4 bats
  3 frilled lizards
  5 rats
159 creatures vanquished.

Vanquished Creatures (others)
  A butterfly (D:7)
  6 demonic plants (D:1)
  4 withered plants (D:1)
11 creatures vanquished.

Grand Total: 170 creatures vanquished

Notes
Turn   | Place    | Note
-------+----------+-------------------------------------------
     0 | D:1      | smilodon the Draconian Hunter began the quest for the Orb.
     0 | D:1      | Reached XP level 1. HP: 17/17 MP: 1/1
    91 | D:1      | Reached skill level 4 in Ranged Weapons
   120 | D:1      | Reached XP level 2. HP: 17/24 MP: 2/2
   346 | D:1      | Found a faded altar of an unknown god.
   814 | D:2      | Reached XP level 3. HP: 21/30 MP: 3/3
  1352 | D:2      | Reached skill level 1 in Stealth
  1353 | D:2      | Noticed Robin
  1358 | D:2      | Killed Robin
  1371 | D:1      | Reached XP level 4. HP: 31/37 MP: 4/4
  1427 | D:1      | Gained mutation: You occasionally lose the ability to drink
                  | potions when taking damage. [potion of mutation]
  1428 | D:1      | Lost mutation: You occasionally lose the ability to drink
                  | potions when taking damage. [potion of mutation]
  1428 | D:1      | Gained mutation: Your spells are a little harder to cast,
                  | but a little more powerful. [potion of mutation]
  1428 | D:1      | Gained mutation: You occasionally lose the ability to drink
                  | potions when taking damage. [potion of mutation]
  1428 | D:1      | Gained mutation: You are dopey. (Int -2) [potion of
                  | mutation]
  1506 | D:2      | Reached skill level 5 in Ranged Weapons
  2216 | D:3      | Lost mutation: You are dopey. (Int -2) [potion of mutation]
  2216 | D:3      | Lost mutation: Your spells are a little harder to cast, but
                  | a little more powerful. [potion of mutation]
  2216 | D:3      | Gained mutation: You have hidden genetic potential. [potion
                  | of mutation]
  2216 | D:3      | Gained mutation: You are robust. (+10% HP) [potion of
                  | mutation]
  2448 | D:3      | Reached XP level 5. HP: 48/48 MP: 5/5
  2646 | D:3      | Found the +7 staff of the Meek {protect, meekguard}
  2968 | D:3      | Identified a scroll of acquirement
  2968 | D:3      | Acquired a +2 arbalest of flaming
  3022 | D:4      | Gained mutation: Your spells are a little harder to cast,
                  | but a little more powerful. [hidden potential]
  3047 | D:4      | Reached skill level 6 in Ranged Weapons
  3370 | D:4      | Reached XP level 6. HP: 56/56 MP: 6/6
  3611 | D:4      | Found a broken altar of Ashenzari.
  3686 | D:5      | Entered Level 5 of the Dungeon
  3694 | D:5      | Reached skill level 1 in Staves
  3694 | D:5      | Gained mutation: You have a pair of small horns on your
                  | head. [hidden potential]
  3694 | D:5      | Lost mutation: You have hidden genetic potential. [hidden
                  | potential expressed]
  3780 | D:5      | Reached skill level 7 in Ranged Weapons
  3784 | D:5      | Your scales start taking on a fiery red colour.
  3784 | D:5      | Reached XP level 7. HP: 62/62 MP: 7/7
  3784 | D:5      | Gained mutation: Your flesh is heat resistant. (rF+) [Red
                  | Draconian growth]
  3958 | D:5      | Reached skill level 1 in Fire Magic
  4030 | D:5      | Reached skill level 8 in Ranged Weapons
  4211 | D:6      | Found a staircase to the Ecumenical Temple.
  4248 | D:6      | Noticed Pikel
  4258 | D:6      | Noticed Duvessa
  4258 | D:6      | Noticed Dowan
  4258 | D:6      | Noticed Eustachio
  4327 | D:6      | Reached skill level 1 in Spellcasting
  4357 | D:6      | Killed Pikel
  4358 | D:6      | Reached skill level 9 in Ranged Weapons
  4358 | D:6      | Reached XP level 8. HP: 50/69 MP: 8/10
  4361 | Temple   | Entered the Ecumenical Temple
  4714 | D:6      | Found a glowing golden altar of the Shining One.
  4762 | D:6      | Became a worshipper of the Shining One
  4797 | D:6      | Found a sparkling altar of Nemelex Xobeh.
  4920 | D:6      | Killed Duvessa
  4923 | D:6      | Killed Dowan
  4924 | D:6      | Reached XP level 9. HP: 28/75 MP: 10/12
  4955 | D:6      | Reached skill level 10 in Ranged Weapons
  5133 | D:6      | Killed Eustachio
  5262 | D:6      | Found a runed translucent door.
  5263 | D:6      | Noticed Crazy Yiuf
  5356 | D:6      | Killed Crazy Yiuf
  5445 | D:7      | Noticed a cyclops
  5501 | D:7      | Reached * piety under the Shining One
  5644 | D:7      | Found an ancient bone altar of Kikubaaqudgha.
  5644 | D:7      | Found an ornate altar of the Wu Jian Council.
  5703 | D:7      | Reached skill level 5 in Staves
  5723 | D:7      | Found a glowing silver altar of Zin.
  5858 | D:7      | Found a white marble altar of Elyvilon.
  5978 | D:7      | Found a burning altar of Makhleb.
  5978 | D:7      | Noticed a green death
  6239 | D:8      | HP: 2/75 [hornet (8)]
  6240 | D:8      | Mangled by a hornet

Illustrated notes

Levels and vault maps discovered:
D:1:      psy_arrival_heroes, layout_rooms, shapermc_ecumenical_altar_gd
D:2:      layout_loops_ring, uniq_robin
D:3:      layout_basic, chequers_big_river, dreamdust_wishing_well,
          pf_guarded_unrand_meek
D:4:      layout_rooms, lemuel_doored_altar, minmay_strange_pillars
D:5:      layout_basic
D:6:      layout_basic, overflow_temple_1_default, kennysheep_mini_moat,
          minmay_temple_entry_grid, gup_sewer_entry_bubbles,
          uniq_crazy_yiuf_cottage, uniq_duvessa, uniq_eustachio, uniq_pikel
D:7:      layout_loops_cross, makhleb_altar_promises_db,
          mainiacjoe_overflow_paths, nicolae_elyvilon_peaceful_grove,
          gammafunk_temple_overflow_statue, lightli_corner_chamber
D:8:      layout_rooms, dreamdust_princess_bridge, grunt_ministairs_10,
          uniq_psyche, uniq_prince_ribbit1, uniq_joseph
Temple:   compressed_dpeg_triangle_lava_temple

Skill      XL: |  1  2  3  4  5  6  7  8  9 |
---------------+----------------------------+-----
Ranged Weapons | 4 5 6 7 9 10 | 10.7
Stealth        | 1 |  1.0
Dodging        | 2 |  2.0
Fighting       | 3 |  3.0
Staves         | 1 2 3 5 |  5.6
Fire Magic     | 2 3 4 |  4.3
Spellcasting   | 1 2 |  2.8
Evocations     | |  0.5

Action                   |  1- 3 |  4- 6 |  7- 9 || total
-------------------------+-------+-------+-------++-------
Melee: Quarterstaff      |       |    17 |    85 ||   102
       Tailslap          |       |       |    16 ||    16
       Headbutt          |       |       |    14 ||    14
 Fire: Shortbow          |   143 |    89 |       ||   232
       Arbalest          |       |    46 |   109 ||   155
Invok: Divine Shield     |       |       |     1 ||     1
 Abil: Breathe Fire      |       |       |     8 ||     8
Evoke: Wand              |       |       |     7 ||     7
  Use: Scroll            |     2 |     8 |     5 ||    15
       Potion            |       |    10 |     1 ||    11
Armor: Skin              |    32 |    47 |   111 ||   190
Dodge: Dodged            |    54 |    74 |   175 ||   303
Block: Other             |       |       |     1 ||     1
